Cogmind - Beta 15 @@@ ROGUE MODE // 2025.07.01 @ 13:11:00 Player: Fangrelle Result: Destroyed by G-47 Trooper with Particle Gun Performance ------------- Evolutions (2) 1000 Regions Visited (5) 1000 Robots Destroyed (54) 270 Value Destroyed (1119) 1119 Prototype IDs (24) 480 Alien Tech Used (0) 0 Bonus (398) 398 TOTAL SCORE: 4267 Bonus ------- Follower Combat Kills 98 Aligned with FarCom 300 Cogmind --------- Core Integrity 0/550 Matter 195/300 Energy 99/100 System Corruption 10% Temperature Cool (9) Movement Core (700) Ox13 Location -8/Materials Parts ------- > --- POWER (1) -------- (None) > --- PROPULSION (5) --- (None) > --- UTILITY (3) ------ High-capacity Storage Unit Targeting Computer > --- WEAPON (2) ------- (None) > --- INVENTORY (20) --- Scrap Suit Improved Heat Sink Cooling System High-capacity Battery (250) High-capacity Matter Pod (200) Experimental Sensor Array Cloak of Protection Shield Generator Shield Generator Hacking Suite Datajack Welding Torch Peak State ------------ > --- POWER ------------ Ion Engine > --- PROPULSION ------- Light Treads Light Treads Wheel > --- UTILITY ---------- High-capacity Storage Unit Experimental Sensor Array Targeting Computer > --- WEAPON ----------- Heavy Assault Rifle Heavy Assault Rifle > --- INVENTORY -------- Fission Core Fission Core Scrap Suit Cooling System High-capacity Battery High-capacity Matter Pod Cloak of Protection Shield Generator Shield Generator Hacking Suite Light Cannon Grenade Launcher Datajack Welding Torch [Rating: 23] Favorites ----------- Power Ion Engine Engine Ion Engine Propulsion Light Treads Treads Light Treads Leg Aluminum Leg Wheel Wheel Utility Targeting Computer Device Structural Scanner Storage High-capacity Storage Unit Processor Targeting Computer Weapon Light Cannon Energy Gun Particle Gun Energy Cannon Beam Cannon Ballistic Gun Assault Rifle Ballistic Cannon Light Cannon Launcher Grenade Launcher Build | -11 -10 -10 -10 -9 -8 ------- Run | Yrd Mat Min Exi Min Mat Slots Evolved 4 | . . . . . 4 Power . | . . . . . . Propulsion 3 | . . . . . 3 Utility 1 | . . . . . 1 Weapon . | . . . . . . Parts Attached 25 | . 14 . 1 . 10 Power 4 | . 3 . . . 1 Engine 4 | . 3 . . . 1 Core . | . . . . . . Reactor . | . . . . . . Propulsion 6 | . 3 . . . 3 Treads 3 | . 3 . . . . Leg 2 | . . . . . 2 Wheel 1 | . . . . . 1 Hover . | . . . . . . Flight . | . . . . . . Utility 5 | . 2 . 1 . 2 Device 2 | . . . . . 2 Storage 2 | . 1 . 1 . . Processor 1 | . 1 . . . . Hackware . | . . . . . . Protection . | . . . . . . Artifact . | . . . . . . Weapon 10 | . 6 . . . 4 Energy Gun 2 | . 1 . . . 1 Energy Cannon 2 | . 2 . . . . Ballistic Gun 3 | . 1 . . . 2 Ballistic Cannon 1 | . 1 . . . . Launcher 2 | . 1 . . . 1 Special Weapon . | . . . . . . Impact Weapon . | . . . . . . Slashing Weapon . | . . . . . . Piercing Weapon . | . . . . . . Special Melee Weapon . | . . . . . . Unidentified Prototypes 1 | . . . . . 1 Parts Lost 19 | . 5 . . 1 13 Power 3 | . 1 . . . 2 Propulsion 5 | . . . . . 5 Utility 1 | . . . . . 1 Weapon 10 | . 4 . . 1 5 Highest Loss Streak 8 | . 3 . . 1 8 To Critical Strikes . | . . . . . . Average Backups 11 | 6 7 9 10 15 16 Power 1 | 1 . . 1 2 2 Propulsion 1 | 4 1 1 1 1 . Utility 5 | . 2 5 4 7 9 Weapon 1 | 1 1 1 1 2 2 Tool/Special . | . . . . . . Unused Backups 26 | . 7 1 4 1 13 Power 3 | . 1 . . . 2 Propulsion 3 | . 3 . . . . Utility 16 | . 1 1 4 1 9 Weapon 2 | . 2 . . . . Tool/Special 2 | . . . . . 2 Average Slot Usage (%) 92 | . 89 100 100 93 60 Engine 12 | . 8 14 14 14 8 Treads 25 | . 22 28 28 28 8 Leg 1 | . 5 . . . 3 Storage 14 | . 16 14 14 14 9 Processor 12 | . 7 14 14 14 9 Energy Gun 10 | . 9 14 14 7 . Ballistic Gun 3 | . 11 . . . 11 Ballistic Cannon 10 | . 2 14 14 14 . Peak Build Rating 23 | 6 9 10 11 13 23 Average Rating 10 | 6 7 9 10 11 12 On Entrance 8 | 6 6 9 10 11 11 Naked Turns . | . . . . . . Heaviest Build 51 | 13 25 21 51 51 51 Greatest Support 40 | 20 40 40 40 40 20 Greatest Overweight (x) 16 | . . . 1 1 16 Average Overweight (x) . | . . . . 1 4 Largest Inventory Capacity 20 | 8 10 10 20 20 20 Average Capacity 15 | 8 9 10 14 20 20 Most Carried 19 | 6 10 10 11 18 19 Average Carried 12 | 6 7 9 10 15 17 Final Capacity 20 | 8 10 10 20 20 20 Final Carried 18 | 6 9 10 11 18 13 Class Distribution -------------------- 100% | Mutant Dominant Class ---------------- Mutant | -10/Materials Mutant | -10/Mines Mutant | -10/Exiles Mutant | -9/Mines Mutant | -8/Materials Resources | -11 -10 -10 -10 -9 -8 ----------- Run | Yrd Mat Min Exi Min Mat Matter Collected 998 | 206 425 14 20 48 285 Remotely . | . . . . . . Salvage Created 1566 | 67 825 21 . 110 543 Parts 95 | 3 49 1 . 12 30 Haulers Intercepted . | . . . . . . Recyclers Shooed 2 | . 1 . . . 1 Parts Field Recycled . | . . . . . . Retrieved Matter . | . . . . . . Parts Self-Destructed . | . . . . . . Prevented . | . . . . . . Kills | -11 -10 -10 -10 -9 -8 ------- Run | Yrd Mat Min Exi Min Mat Combat Hostiles Destroyed 33 | . 18 . . 5 10 Guns 15 | . 10 . . . 5 Cannons 12 | . 6 . . 5 1 AOE 6 | . 2 . . . 4 Classes Destroyed 11 | 1 7 . . . 3 Worker 5 | . 1 . . 2 2 Builder 4 | . 2 . . . 2 Tunneler 3 | . 1 1 . 1 . Recycler 5 | 1 1 . . . 3 Operator 1 | . 1 . . . . Watcher 3 | . 3 . . . . Swarmer 11 | . 3 . . 5 3 Grunt 18 | . 15 . . . 3 Brawler 2 | . . . . . 2 Sentry 1 | . . . . . 1 Hunter 1 | . . . . . 1 Best Kill Streak 7 | 1 7 1 . 3 7 Combat Bots Only 6 | . 6 . . 3 3 Max Kills in Single Turn 3 | 1 1 1 . 1 3 Gunslinging . | . . . . . . Exploded 1 | . 1 . . . 1 Melee . | . . . . . . Uniques/NPCs Destroyed . | . . . . . . Combat | -11 -10 -10 -10 -9 -8 -------- Run | Yrd Mat Min Exi Min Mat Hostile Shots Fired 250 | . 119 . . 20 111 Missed 70 | . 30 . . 5 35 Hits 180 | . 89 . . 15 76 Melee 3 | . . . . . 3 Projectile 177 | . 89 . . 15 73 Critical Strikes 4 | . 1 . . . 3 Damage Taken 2638 | . 1136 . . 133 1369 Core 781 | . 204 . . 19 558 Absorbed by Shields . | . . . . . . Core Remaining (%) 55 | 100 . . . 10 . Volleys Fired 131 | 2 67 2 . 13 47 Largest 2 | 2 2 2 . 2 2 Hottest 95 | 60 95 95 . 95 70 Shots Fired 229 | 4 114 3 . 25 83 Gun 161 | 4 79 2 . 12 64 Cannon 49 | . 26 1 . 13 9 Launcher 19 | . 9 . . . 10 Special . | . . . . . . Kinetic 150 | 2 62 1 . 13 72 Thermal 59 | 2 43 2 . 12 . Explosive 19 | . 9 . . . 10 Electromagnetic 1 | . . . . . 1 Robot Hit Streak 10 | 4 10 2 . 5 8 Robot Miss Streak 5 | . 3 1 . 2 5 Penetration Max . | . . . . . . Secondary Targets 2 | . . . . . 2 Max Gunslinging Chain 1 | . . . . . 1 Shots Hit Robots 141 | 4 67 2 . 16 52 Core Hits 86 | 2 43 1 . 7 33 Critical Kills 1 | . 1 . . . . Critical Parts Destroyed . | . . . . . . Critical Strikes 1 | . 1 . . . . Destroy 1 | . 1 . . . . Melee Attacks . | . . . . . . Impact . | . . . . . . Slashing . | . . . . . . Piercing . | . . . . . . Sneak Attacks . | . . . . . . Combat Hostiles . | . . . . . . Follow-up Attacks . | . . . . . . Damage Inflicted 3381 | 53 1275 32 . 259 1762 Guns 1463 | 53 643 17 . 114 636 Cannons 515 | . 242 15 . 145 113 Explosions 1403 | . 390 . . . 1013 Melee . | . . . . . . Ramming . | . . . . . . Kinetic 1356 | 29 428 15 . 145 739 Thermal 612 | 24 457 17 . 114 . Explosive 1403 | . 390 . . . 1013 Electromagnetic 10 | . . . . . 10 Impact . | . . . . . . Slashing . | . . . . . . Piercing . | . . . . . . Highest Corruption 10 | . . . . . 10 Average Corruption 6 | . . . . . 6 Corruption Purged . | . . . . . . Corruption Blocked . | . . . . . . Effects 2 | . . . . . 2 Energy Discharges 1 | . . . . . 1 Misdirections 1 | . . . . . 1 Overload Shots . | . . . . . . Overflow Damage 47 | . 3 . . 14 30 Projectiles 14 | . . . . 14 . Explosions 33 | . 3 . . . 30 Melee . | . . . . . . Knockbacks 1 | . 1 . . . . Impact . | . . . . . . Kinetic 1 | . 1 . . . . Secondary . | . . . . . . Self-Inflicted Damage 209 | . 79 . . . 130 Shots 6 | . 2 . . . 4 Rammed 1 | . . . . 1 . Targets Rammed 1 | . . . . 1 . Kicked . | . . . . . . Crushed . | . . . . . . Highest Temperature 354 | . 354 33 . 165 16 Average Temperature 95 | . 117 17 . 50 6 Received Heat Transfer 1068 | . 567 . . . 501 Effects 1 | . 1 . . . . Shutdowns 1 | . 1 . . . . Siege Activations . | . . . . . . Martial Activations . | . . . . . . Shielding Activations . | . . . . . . Robots Disrupted . | . . . . . . Combat Hostiles . | . . . . . . Robots Corrupted . | . . . . . . Combat Hostiles . | . . . . . . Parts Fried . | . . . . . . Impact Corruptions . | . . . . . . Robots Melted . | . . . . . . Combat Hostiles . | . . . . . . Parts Melted 2 | . 2 . . . . Heat Transferred 1407 | 50 1024 37 . 296 . Parts Sabotaged . | . . . . . . Parts Stolen . | . . . . . . Parts Stripped . | . . . . . . Power Chain Reactions . | . . . . . . Alert | -11 -10 -10 -10 -9 -8 ------- Run | Yrd Mat Min Exi Min Mat Maximum Alert Level 1 | . 1 . . . . Low Security (%) 94 | 100 80 100 . 100 100 Level 1 5 | . 19 . . . . Level 2 . | . . . . . . Level 3 . | . . . . . . Level 4 . | . . . . . . Level 5 . | . . . . . . High Security . | . . . . . . Max Security . | . . . . . . Peak Influence 257 | 5 257 39 . 115 148 Initial 39 | . 3 39 . . . Average 59 | 4 144 6 . 19 48 Influence Increases 1262 | 5 601 5 . 247 404 Destroy 0b10 Robot/C 780 | . 360 . . 180 240 Destroy 0b10 Robot/NC 105 | 5 45 5 . 15 35 Destroy Leader 166 | . 76 . . 30 60 Allied During Kill 33 | . . . . 22 11 Successful Hack 28 | . 23 . . . 5 Select Force Hacks 30 | . 30 . . . . Disable Machine 30 | . 30 . . . . Destroy Structure 90 | . 37 . . . 53 Influence Decreases 1147 | . 503 108 . 247 289 Entered New Map 66 | . 2 64 . . . Time Decay 855 | . 451 44 . 237 123 Lost Part 166 | . 50 . . 10 106 Lost Ally 60 | . . . . . 60 Squads Dispatched 8 | . 4 . . . 4 Investigation 3 | . 2 . . . 1 Extermination . | . . . . . . Reinforcement 3 | . 2 . . . 1 Assault . | . . . . . . Garrison 2 | . . . . . 2 Intercept . | . . . . . . Searches Triggered . | . . . . . . Construction Impeded . | . . . . . . Haulers Reinforced . | . . . . . . Active Scanning Responses . | . . . . . . Cargo Convoy Interrupts . | . . . . . . Stealth | -11 -10 -10 -10 -9 -8 --------- Run | Yrd Mat Min Exi Min Mat Distress Signals 3 | . 1 . . . 2 Communications Jammed . | . . . . . . Distress Signals . | . . . . . . Times Spotted 54 | . 24 . . 9 21 Peak Tracking Total 7 | . 7 . . 3 6 Tactical Retreats . | . . . . . . Traps | -11 -10 -10 -10 -9 -8 ------- Run | Yrd Mat Min Exi Min Mat Traps Triggered 3 | . 3 . . . . Indirectly . | . . . . . . Trap Hack Attempts . | . . . . . . Triggered . | . . . . . . Disarmed . | . . . . . . Reprogrammed . | . . . . . . Reused . | . . . . . . Traps Extracted . | . . . . . . Installed . | . . . . . . Triggered . | . . . . . . Machines | -11 -10 -10 -10 -9 -8 ---------- Run | Yrd Mat Min Exi Min Mat Machines Disabled 2 | . 2 . . . . Max in Single Turn 1 | . 1 . . . . Machines Repaired . | . . . . . . Machines Dismantled . | . . . . . . Machines Sabotaged . | . . . . . . Overloaded Fab Kills . | . . . . . . Hacking | -11 -10 -10 -10 -9 -8 --------- Run | Yrd Mat Min Exi Min Mat Machines Accessed 12 | . 5 . 5 . 2 Terminals 5 | . 4 . . . 1 Fabricators . | . . . . . . Repair Stations . | . . . . . . Recycling Units 1 | . 1 . . . . Scanalyzers 1 | . . . . . 1 Garrison Access . | . . . . . . Total Hacks 68 | . 12 . 50 . 6 Successful 60 | . 7 . 50 . 3 Failed 8 | . 5 . . . 3 Catastrophic 1 | . . . . . 1 Database Lockouts . | . . . . . . Manual 16 | . 12 . 1 . 3 Terminals 13 | . 10 . . . 3 Fabricators . | . . . . . . Repair Stations . | . . . . . . Recycling Units 2 | . 2 . . . . Scanalyzers 3 | . . . . . 3 Garrison Access . | . . . . . . Terminal Hacks 50 | . . . 50 . . Record 49 | . . . 49 . . Proto ID Catalog 1 | . . . 1 . . Fabricator Hacks . | . . . . . . Repair Station Hacks . | . . . . . . Recycling Unit Hacks . | . . . . . . Scanalyzer 2 | . . . . . 2 Insert Component 1 | . . . . . 1 Analyze 1 | . . . . . 1 Garrison Access Hacks . | . . . . . . Unauthorized Hacks 8 | . 7 . . . 1 Terminals 7 | . 6 . . . 1 Assimilate 1 | . 1 . . . . Botnet 5 | . 4 . . . 1 Operators 1 | . 1 . . . . Fabricators . | . . . . . . Repair Stations . | . . . . . . Recycling Units 1 | . 1 . . . . Tunnel 1 | . 1 . . . . Scanalyzers . | . . . . . . Garrison Access . | . . . . . . Data Cores Recovered . | . . . . . . Used . | . . . . . . Hacking Detections 7 | . 5 . . . 2 Full Trace Events 2 | . . . . . 2 Feedback Events . | . . . . . . Feedback Blocked . | . . . . . . Robot Schematics Acquired . | . . . . . . Robots Built . | . . . . . . Authchips . | . . . . . . Time . | . . . . . . Total Robot Build Rating . | . . . . . . Part Schematics Acquired 1 | . . . . . 1 Parts Built . | . . . . . . Authchips . | . . . . . . Time . | . . . . . . Total Part Build Rating . | . . . . . . Parts Repaired . | . . . . . . Time . | . . . . . . Parts Recycled . | . . . . . . Recycled Matter . | . . . . . . Retrieved Matter . | . . . . . . Retrieved Components . | . . . . . . Parts Scanalyzed 1 | . . . . . 1 Part Schematics Acquired 1 | . . . . . 1 Parts Damaged . | . . . . . . Bothacking | -11 -10 -10 -10 -9 -8 ------------ Run | Yrd Mat Min Exi Min Mat Used RIF Installer . | . . . . . . Robots Hacked . | . . . . . . Non-combat . | . . . . . . Combat . | . . . . . . Robot Hacks Applied . | . . . . . . Relay Couplers Released . | . . . . . . Fabnet Peak Effective % . | . . . . . . Robots Rewired . | . . . . . . Allies Hacked . | . . . . . . Hacks Repelled . | . . . . . . Allies | -11 -10 -10 -10 -9 -8 -------- Run | Yrd Mat Min Exi Min Mat Total Allies 3 | . . . . 3 . Largest Group 3 | . . . . 3 3 Highest-Rated Group 40 | . . . . 40 40 Highest-Rated Ally 16 | . . . . 16 16 Total Orders . | . . . . . . Ally Attacks 51 | . . . . 12 39 Total Damage 507 | . . . . 105 402 Kills 6 | . . . . 4 2 Allies Corrupted . | . . . . . . Allies Melted . | . . . . . . Intel | -11 -10 -10 -10 -9 -8 ------- Run | Yrd Mat Min Exi Min Mat Active Infowar (turns) 72 | . . . . . 72 Sensors 1 | . . . . . 1 Structural 71 | . . . . . 71 Robot Analysis Total . | . . . . . . Derelict Logs Recovered 2 | . . 1 . 1 . Drone Launches . | . . . . . . Drone Recoveries . | . . . . . . Exploration | -11 -10 -10 -10 -9 -8 ------------- Run | Yrd Mat Min Exi Min Mat Turns Passed 5516 | 18 1140 282 1744 1973 359 Spaces Moved 2596 | 11 570 172 939 803 101 Core 5 | . . . . . 5 Treads 2349 | . 435 172 939 803 . Legs 163 | 11 135 . . . 17 Wheels 79 | . . . . . 79 Hover . | . . . . . . Flight . | . . . . . . Fastest Speed 120 | 120 120 160 160 240 155 Average Speed 193 | 120 150 160 184 240 204 Slowest Speed 850 | 120 160 160 240 240 850 Overloaded Moves . | . . . . . . Propulsion Burnouts . | . . . . . . Robots Hopped . | . . . . . . Potential Cave-ins 1 | . . . . . 1 Cave-ins Triggered . | . . . . . . Exploration Rate (%) 54 | 3 91 30 92 96 12 Regions Visited 5 Branch Regions 3 Pre-discovered Areas 2 | . 1 . 1 . . Known Exits Taken . | . . . . . . Unknown Exits Taken 5 | 1 1 1 1 1 . Scrap Searched 4 | . . . . 4 . Spaces Dug 3 | . 3 . . . . Terrain Destroyed 103 | . 36 . . . 67 Melee . | . . . . . . Projectile . | . . . . . . AOE 103 | . 36 . . . 67 Terrain Rammed . | . . . . . . Walls Destroyed . | . . . . . . Machines Disabled . | . . . . . . Actions | -11 -10 -10 -10 -9 -8 --------- Run | Yrd Mat Min Exi Min Mat Total 2871 | 12 737 176 951 824 171 Wait 65 | . 61 . . . 4 Move 2591 | 10 569 171 938 802 101 Hop . | . . . . . . Pick Up 30 | . 13 2 5 7 3 Fast Attach 9 | . 6 . . . 3 Attach 14 | . 7 . . . 7 Detach 1 | . . . . . 1 Swap 9 | . 5 . 1 . 3 Drop 18 | . 9 1 5 1 2 Fire 131 | 2 67 2 . 13 47 Melee . | . . . . . . Ram . | . . . . . . Kick . | . . . . . . Crush 1 | . . . . 1 . Escape Stasis . | . . . . . . Rewire 2 | . . . 2 . . Trap . | . . . . . . Miscellaneous . | . . . . . . Route ------- -11/Scrapyard -10/Materials (discovered 4 exits: [*Mat x3] / [*Min]) -10/Mines (discovered 2 exits: [*Mat] / *Exi) -10/Exiles -9/Mines (discovered 2 exits: *Mat x2) -8/Materials (discovered 2 exits: Fac x2) History --------- Turn | Location | Event 7 | -11/Scrapyard | Discovered new exit (range 3) 19 | -11/Scrapyard | Entered Materials 71 | -10/Materials | Discovered new exit (range 15) 311 | -10/Materials | Build established: Mutant 354 | -10/Materials | Core integrity fell below 50% 382 | -10/Materials | Lost 3 parts (1p2w) 461 | -10/Materials | Discovered new exit (range 16) 738 | -10/Materials | Discovered new exit (range 4) 965 | -10/Materials | Core integrity fell below 20% 1077 | -10/Materials | Discovered new exit (range 13) 1159 | -10/Materials | Entered Mines 1177 | -10/Mines | Learned Materials garrison access intel 1273 | -10/Mines | Found a damaged Exp. Sensor Array with a note attached 1277 | -10/Mines | Found Prototype Device 1362 | -10/Mines | Discovered new exit (range 5) 1434 | -10/Mines | Deemed a non-threat by the Exiles lab entrance 1434 | -10/Mines | Discovered new exit (range 5) 1441 | -10/Mines | Entered Exiles 1489 | -10/Exiles | Met 8R-AWN 1516 | -10/Exiles | Met EX-HEX 1581 | -10/Exiles | Met EX-BIN 1726 | -10/Exiles | Aligned with FarCom system 1728 | -10/Exiles | Given EX-Vault access code 1798 | -10/Exiles | Opened EX-Vault 1861 | -10/Exiles | Warned to stay clear of 0b10 Research branches 1914 | -10/Exiles | Met EX-DEC 1922 | -10/Exiles | Learned location of Zion (-7) 2116 | -10/Exiles | Found Cloak of Protection 2263 | -10/Exiles | Visited The Gauntlet 2678 | -10/Exiles | Discovered new exit (range 14) 3185 | -10/Exiles | Left Exiles lab with Cloak of Protection 3185 | -10/Exiles | Entered Mines 3229 | -9/Mines | Discovered new exit (range 16) 3441 | -9/Mines | Assisted by bots powering up and referring to "LRC-V3" 3854 | -9/Mines | Learned location of 2 exits from Materials 3968 | -9/Mines | Found a Scrap Suit stashed away for nefarious purposes 3973 | -9/Mines | Found Scrap Suit 4110 | -9/Mines | Discovered new exit (range 6) 5158 | -9/Mines | Entered Materials 5158 | -8/Materials | Accompanied by 3 allies 5158 | -8/Materials | Evolved 4 slots: Propulsion x3, Utility x1 5159 | -8/Materials | Identified exit to Factory 5160 | -8/Materials | Loaded intel: 1 garrison access location 5162 | -8/Materials | Identified Exp. Sensor Array 5397 | -8/Materials | Garrison activated, responded to threat 5503 | -8/Materials | Core integrity fell below 50% 5510 | -8/Materials | System corruption reached 10% 5514 | -8/Materials | Core integrity fell below 20% 5517 | -8/Materials | Destroyed by G-47 Trooper with Particle Gun Last Messages --------------- 05507_ A-02 Transporter destroyed. 05507_ G-47 Trooper destroyed. 05508_ U-05 Engineer lays Concrete. 05509_ Structural Scanner destroyed. 05509_ System corrupted by crushing effect (+5). 05509_ Knocked back. 05509_ U-05 Engineer builds a Wall. 05510_ R-06 Scavenger destroyed. 05512_ System corrupted: Energy discharge (-25). 05512_ Dropped Rigged Fission Core. 05513_ The unstable cave ceiling collapses. 05513_ Rigged Fission Core explodes. 05513_ B-36 Bruiser destroyed. 05514_ U-05 Engineer lays Concrete. 05515_ K-01 Serf collects debris. 05515_ U-05 Engineer lays Concrete. 05516_ U-05 Engineer builds a Wall. 05517_ The unstable cave ceiling collapses. 05517_ Wheel crushed. 05517_ ALERT: Hostiles spotted, dispatching reinforcements to Terminal M006. Map ----- +----------------------------------------------------+ | ??????????????????????????????????????# | | ?????????????????????????????########## | | ?????????????????????????????# ! # | | ?????????????????????????????# """ # #######+ | | ?????????????????????????????# ** """%# #??# | | ?????????????????????????????# ** """%# ##?# | | ?????????????????????????????# ** =%+ #### | | ?????????????????????????????# " # ## | | ?????????????????? ???# " " # ## | | ??????????????########+###???# """ # ## " | | ??????????????###### #???# # ## " | | ?????????????? w ????######## # ## " | | ????????????????? T ???????????? ## | | ?????????????????? ????????????# ###### | | ?????????????###??## #???????????# # ????? | | ????????????######### ############## % # ?"""? | | ????????????### #####Y ############## ## ?"G"? | | ????????????## %%!# ** # ######### # ?"?"? | | ????????????## ""%[ !%! % % # ????? | | ????????????## ""S! *= !! T # ????? | | ????????????## "" %=u* % # ????? | | ????????????## *%*########### # ????? | | ???????????? # != ] # ################ ????? | | ???????????? # % =g%]= ##????########## ????? | | ??????????" + ]/]% #????????????????????? | | ????????? # ==|# ;@ #????????????????????? | | ???????????? # =| # ; #????????????????????? | | ????????????## =| # k#####????????????????????? | | ????????????####+#### ##???????????????????????? | | ???????????? # ???????????????????????? | | ??????????????????? # ???????????????????????? | | ??????????????????? # ##???????????????????????? | | ??????????????????? / ##???????????????????????? | | ??????????????????? # ?????????????????????????? | | ???????????????????## ?????????????????????????? | | ??????????????????? # ?????????????????????????? | | ??????????????????? # ?????????????????????????? | | ??????????????????? # ?????????????????????????? | | ?????????????????????????????????????????????????? | | ?????????????????????????????????????????????????? | | ?????????????????????gg??????????????????????????? | | ??????????????????????